 Dungeon Sprint DCSS version 0.28.0-53-g5a82cb258f (webtiles) character file.

Game seed: 3708344966709355165

135 Zeld the Chopper (level 4, -2/72 HPs)
             Began as a Minotaur Berserker on June 4, 2022.
             Was a Priest of Trog.
             Slain by an ice devil (18 damage)
             ... summoned by a kobold demonologist
             ... in the Dungeon (Sprint III: "The Ten Rune Challenge").
             The game lasted 00:00:32 (338 turns).

Zeld the Chopper (Minotaur Berserker)                Turns: 338, Time: 00:00:32

Health: -2/72      AC:  2    Str: 23    XL:     4   Next: 97%
Magic:  3/3        EV: 13    Int:  4    God:    Trog [***...]
Gold:   17         SH:  0    Dex: 10    Spells: 3/3 levels left

rFire   . . .      SeeInvis .   a - +0 hand axe
rCold   . . .      Faith    .   (no shield)
rNeg    . . .      Spirit   .   b - +0 animal skin
rPois   +          Reflect  .   (helmet restricted)
rElec   .          Harm     .   (no cloak)
rCorr   .          Rampage  .   (no gloves)
Will    .....      NoTele   +   (no boots)
Stlth   ..........              (no amulet)
HPRegen 0.22/turn               (no ring)
MPRegen 0.08/turn               (no ring)

@: berserking (expiring), very quick
A: horns 2, retaliatory headbutt, poison resistance
a: Renounce Religion, Berserk, Trog's Hand


You were in the Dungeon.
You worshipped Trog.
Trog was most pleased with you.
You visited 1 branch You collected 17 gold pieces.

Inventory:

Hand Weapons
 a - a +0 hand axe (weapon)
Armour
 b - a +0 animal skin (worn)
 j - a +0 cloak
Scrolls
 h - a scroll of blinking
 l - a scroll of torment {unknown}
 m - a scroll of identify {unknown}
 o - a scroll of immolation {unknown}
 p - a scroll of silence {unknown}
Potions
 c - a potion of curing
 d - 2 potions of heal wounds
 e - a potion of haste
 f - 2 potions of magic
 g - a potion of berserk rage
 i - a potion of resistance {unknown}
 k - 2 potions of mutation
 n - a potion of flight {unknown}
 q - a potion of attraction {unknown}


   Skills:
 * Level 7.7 Fighting
 * Level 7.7 Axes
 + Level 5.3 Armour
 + Level 4.9 Dodging


You had 3 spell levels left.
You didn't know any spells.
Your spell library was empty.

Dungeon Overview and Level Annotations

Branches:
Dungeon (1/1)

Altars:
Kikubaaqudgha
Sif Muna
Vehumet


Innate Abilities, Weirdness & Mutations

You have a pair of horns on your head.
You reflexively headbutt those who attack you in melee.
Your system is resistant to poisons. (rPois)


Message History

The kobold demonologist casts a cantrip, but nothing happens.
The wizard gestures at you while chanting.
A red film seems to cover your vision as you go berserk!
You feel yourself moving faster!
You feel mighty!
The kobold demonologist gestures wildly while chanting.
The wizard casts a spell.
The wizard blinks!
You feel a strong urge to attack something.
You barely miss the wizard.
The wizard is severely wounded.
The wizard hits you with a +0 dagger.
You closely miss the wizard.
The wizard is severely wounded.
You barely miss the wizard.
You headbutt the wizard, but do no damage.
The wizard is severely wounded.
You hit the ice devil but do no damage. You slash the ice devil!
The ice devil is lightly wounded.
You hit the wizard. The wizard barely misses you. You furiously retaliate!
You headbutt the wizard!
You kill the wizard!
Trog accepts your kill.
Trog appreciates your killing of a magic user.
You barely miss the ice devil.
The ice devil is lightly wounded.
The ice devil hits you. The ice devil freezes you!
Unknown command.
You hit the ice devil.
The ice devil is moderately wounded.
The ice devil hits you! The ice devil freezes you!!
You closely miss the ice devil. Your headbutt misses the ice devil.
The ice devil is moderately wounded.
Unknown command.
You slash the ice devil!
The ice devil is severely wounded.
The ice devil hits you!
* * * LOW HITPOINT WARNING * * *
The ice devil freezes you!!
You die...

.#(..#### ##.#
.#......#####..#
##....†..#..#..#
.##.##...#..#..###+#+###+#
.##.###..##'#..#..........
####.##..###...'.⌠........
##..##..####...#...######+
.†..##..###....#)⌠.#
#..##...##.....#@..#
..##....#.)....#4###
.###..##.#.....#K: .#
#..#####....#___ ▓▓ ▓▓▓▓
▓▓▓▓▓▓▓▓▓▓


You could see an ice devil (summoned) and a kobold demonologist.

Vanquished Creatures
  A water elemental (D)
  Crazy Yiuf (D)
  A wizard (D)
  A human (D)
  An endoplasm (D)
  3 rats (D)
8 creatures vanquished.

Notes
Turn   | Place    | Note
-------+----------+-------------------------------------------
     0 | D        | Zeld the Minotaur Berserker began the quest for the Orb.
     0 | D        | Reached XP level 1. HP: 19/19 MP: 0/0
    25 | D        | Reached ** piety under Trog
    88 | D        | Noticed Crazy Yiuf
    93 | D        | Killed Crazy Yiuf
    94 | D        | Reached skill level 5 in Fighting
    94 | D        | Reached skill level 5 in Axes
    94 | D        | Reached XP level 2. HP: 28/29 MP: 1/1
    94 | D        | Reached XP level 3. HP: 35/36 MP: 2/2
   120 | D        | Gained mutation: Your system is resistant to poisons.
                  | (rPois) [potion of mutation]
   191 | D        | Noticed a water elemental
   198 | D        | Killed a water elemental
   198 | D        | Reached *** piety under Trog
   199 | D        | Reached skill level 5 in Armour
   199 | D        | Reached XP level 4. HP: 47/47 MP: 3/3
   326 | D        | Found a radiant altar of Vehumet.
   326 | D        | Found a shimmering blue altar of Sif Muna.
   326 | D        | Found an ancient bone altar of Kikubaaqudgha.
   326 | D        | Noticed a wizard
   329 | D        | Noticed an ice devil
   334 | D        | Killed a wizard
   338 | D        | Slain by an ice devil

Illustrated notes

Levels and vault maps discovered:
D:        dungeon_sprint_mu [sprint_mu_entry_cave, sprint_mu_temple_rooms,
          sprint_mu_d1_spiders, sprint_mu_d2_genie, sprint_mu_d3_branching,
          sprint_mu_orc_legion, sprint_mu_elf_gauntlet, sprint_mu_hive_nellie,
          sprint_mu_lair_fedhas, sprint_mu_vaults_butterflies,
          sprint_mu_slime_circle, sprint_mu_swamp_cave, sprint_mu_shoals_archi,
          sprint_mu_blade_basic, sprint_mu_crypt_chambers,
          sprint_mu_tomb_spiral, sprint_mu_vestibule_basic,
          sprint_mu_gehenna_hellfire, sprint_mu_dis_giant,
          sprint_mu_tartarus_statrot, sprint_mu_cocytus_islands, sprint_mu_zot1]

Skill      XL: |  1  2  3 |
---------------+----------+-----
Fighting       | 5 7 |  7.7
Axes           | 5 7 |  7.7
Armour         | 3 5 |  5.3
Dodging        | 3 4 |  4.9

Action                   |  1- 3 |  4- 6 || total
-------------------------+-------+-------++-------
Melee: Hand axe          |    15 |     9 ||    24
       Headbutt          |       |     1 ||     1
Invok: Berserk           |     2 |     1 ||     3
  Use: Potion            |     1 |       ||     1
Dodge: Dodged            |    10 |     1 ||    11
